 Dungeon Crawl Stone Soup version 0.26-a0-712-ga5a9c9c9d0 (webtiles) character file.

Game seed: 15511958086083928436

87 FrothyCoffee the Changer (level 4, -1/38 HPs)
             Began as a Naga Transmuter on Nov 10, 2020.
             Killed from afar by an orc wizard (5 damage)
             ... with a magic dart
             ... on level 3 of the Dungeon.
             The game lasted 00:04:39 (2869 turns).

FrothyCoffee the Changer (Naga Transmuter)          Turns: 2869, Time: 00:04:39

Health: -1/38      AC:  2    Str: 12    XL:     4   Next: 51%
Magic:  2/7        EV: 10    Int: 15    God:
Gold:   171        SH:  0    Dex: 11    Spells: 4/7 levels left

rFire    . . .     SeeInvis +     - Unarmed
rCold    . . .     Faith    .   (no shield)
rNeg     . . .     Spirit   .   a - +0 robe
rPois    +         Reflect  .   (no helmet)
rElec    .         Harm     .   (no cloak)
rCorr    .         Rampage  .   (no gloves)
MR       .....                  (no barding)
Stlth    +.........             (no amulet)
HPRegen  0.12/turn              (no ring)
MPRegen  0.10/turn              (no ring)

@: short of breath, very slow
A: large, see invisible, deformed body, poison resistance, slowness 2, spit
poison 1, AC +1
a: Spit Poison


You were on level 3 of the Dungeon.
You visited 1 branch of the dungeon, and saw 3 of its levels.

You collected 171 gold pieces.

Inventory:

Armour
 a - a +0 robe (worn)
Jewellery
 f - an uncursed ring of ice
 g - an uncursed ring of protection from magic {unknown}
 j - a cursed ring of attention {unknown}
Scrolls
 b - 2 scrolls of remove curse {unknown}
 d - a scroll of fog {unknown}
 e - a scroll of teleportation {unknown}
 i - a scroll of magic mapping {unknown}
 k - 2 scrolls of enchant weapon {unknown}
Potions
 c - 2 potions of stabbing {unknown}
 h - a potion of curing {unknown}
 l - a potion of cancellation
 m - a potion of brilliance {unknown}


   Skills:
 - Level 1.0 Fighting
 - Level 1.5 Dodging
 - Level 3.0 Unarmed Combat
 - Level 2.0 Spellcasting
 + Level 4.6 Transmutations


You had 4 spell levels left.
You knew the following spells:

 Your Spells              Type           Power        Failure   Level
a - Beastly Appendage     Tmut           ###...       3%          1
b - Wereblood             Tmut           ###.....     4%          2

Your spell library contained the following spells:

 Spells                   Type           Power        Failure   Level
 Spider Form              Tmut/Pois      #.........   26%         3
 Ice Form                 Ice/Tmut       #.......     65%         4
 Blade Hands              Tmut           ###.......   67%         5


Dungeon Overview and Level Annotations

Branches:
Dungeon (3/15)

Altars:


Innate Abilities, Weirdness & Mutations

You cannot wear boots.
Your serpentine skin is tough. (AC +1)
You have supernaturally acute eyesight. (SInv)
Armour fits poorly on your strangely shaped body.
Your system is resistant to poisons. (rPois)
You cover ground very slowly.
You can spit poison.


Message History

You have got your breath back.
The orc wizard misses you. The orc wizard barely misses you.
Your magical contamination has completely faded away.
Press: ? - help, Shift-Dir - straight line, f/p - orc wizard
Aim: an orc wizard, wielding a -1 dagger and wearing a +0 robe (heavily wounded, fast)
The splash of poison hits the orc wizard.
The orc wizard is severely wounded.
The orc wizard hits you but does no damage.
You hit the orc wizard but do no damage.
The orc wizard is severely wounded.
The orc wizard hits you with a cursed -1 dagger.
* * * LOW HITPOINT WARNING * * *
The orc wizard hits you but does no damage.
It was a potion of cancellation.
Your magical effects are unravelling.
You feel magically purged.
Your primal bloodlust has ended.
The orc wizard gestures at you while chanting.
The magic dart hits you.
You die...

o# ####.# .#
##....## .#
#.......
####o####
#..#....
#.......#
#.......
#.#####.#
#..#.... #.#
#.###..##.#.
#.#
#......##.#.
#@#
#.###.###.#.
#o#####.#
#.......
#.......#
#####.##
#########
#.# #.# #.#


You could see an orc wizard (fast).

Vanquished Creatures
  Terence (D:2)
  2 adders (D:2)
  A worm (D:2)
  A leopard gecko (D:2)
  9 bats
  A giant cockroach (D:2)
  5 goblins
  6 hobgoblins
  A quokka (D:2)
  A ball python (D:2)
  A frilled lizard (D:1)
  7 kobolds
  5 rats
41 creatures vanquished.

Notes
Turn   | Place    | Note
-------+----------+-------------------------------------------
     0 | D:1      | FrothyCoffee the Naga Transmuter began the quest for the
                  | Orb.
     0 | D:1      | Reached XP level 1. HP: 18/18 MP: 3/3
   482 | D:1      | Reached XP level 2. HP: 23/25 MP: 3/5
   783 | D:1      | Reached skill level 3 in Transmutations
  1604 | D:2      | Reached XP level 3. HP: 16/31 MP: 4/6
  2246 | D:2      | Reached skill level 4 in Transmutations
  2299 | D:2      | Noticed Terence
  2306 | D:2      | Killed Terence
  2306 | D:2      | Reached XP level 4. HP: 38/38 MP: 5/7
  2405 | D:2      | Learned a level 2 spell: Wereblood
  2869 | D:3      | Killed from afar by an orc wizard

Illustrated notes

Levels and vault maps discovered:
D:1:      dpeg_arrival_shrine, layout_basic
D:2:      layout_basic, minmay_misc_feat_tower, nrook_mini_vaults,
          kennysheep_generic_room_5, uniq_terence
D:3:      layout_loops_corners, fedhas_altar_2, uniq_robin, uniq_grinder,
          uniq_natasha

Skill      XL: |  1  2  3 |
---------------+----------+-----
Transmutations | 3 4 |  4.6
Fighting       | |  1.0
Dodging        | |  1.5
Unarmed Combat | |  3.0
Spellcasting   | |  2.0

Action                   |  1- 3 |  4- 6 || total
-------------------------+-------+-------++-------
Melee: Unarmed           |   100 |    21 ||   121
       Headbutt          |    18 |       ||    18
       Punch             |     2 |     1 ||     3
 Cast: Beastly Appendage |    26 |     6 ||    32
       Wereblood         |       |     5 ||     5
 Abil: Spit Poison       |    10 |     9 ||    19
  Use: Potion            |       |     1 ||     1
Armor: Robe              |    22 |     9 ||    31
Dodge: Dodged            |    75 |    19 ||    94

Table legend: (Time is in decaauts)
 A = Elapsed time spent in this place.
 B = Non-inter-level travel time spent in this place.
 C = Inter-level travel time spent in this place.
 D = Time resting spent in this place.
 E = Time spent auto-exploring this place.
 F = Levels seen in this place.
 G = Mean time per level.
                   A        B        C        D        E       F      G
               +--------+--------+--------+--------+--------+-----+--------+
         Total |   3319 |   3196 |    123 |    750 |   1970 |   3 | 1106.3 |
       Dungeon |   3319 |   3196 |    123 |    750 |   1970 |   3 | 1106.3 |
               +--------+--------+--------+--------+--------+-----+--------+

Top non-repeatable levels by time:
     D:1: 1752 daAuts
     D:2: 1353 daAuts
     D:3: 212 daAuts
